 Dungeon Sprint DCSS version 0.30-a0-534-gdc55766716 (webtiles) character file.

Game seed: 3307599829285763529

112 rocky1 the Covered (level 4, -16/45 HPs)
             Began as a Minotaur Fighter on Dec 25, 2022.
             Demolished by a shadow (29 damage)
             ... in the Dungeon (Sprint III: "The Ten Rune Challenge").
             The game lasted 00:01:20 (263 turns).

rocky1 the Covered (Minotaur Fighter)                Turns: 263, Time: 00:01:21

Health: -16/45     AC:  8    Str: 22    XL:     4   Next: 63%
Magic:  3/3        EV: 10    Int:  5    God:
Gold:   21         SH:  5    Dex: 10    Spells: 3/3 levels left

rFire   . . .      SeeInvis .    a - +0 war axe
rCold   . . .      Faith    .    c - +0 buckler
rNeg    . . .      Spirit   .    b - +0 scale mail
rPois   .          Reflect  .    (helmet unavailable)
rElec   .          Harm     .    (no cloak)
rCorr   .          Rampage  .    (no gloves)
Will    .....      NoTele   +    (no boots) Stlth
                                 (no amulet)
HPRegen 0.27/turn                (no ring)
MPRegen 0.08/turn                (no ring)

@: no status effects
A: horns 3, retaliatory headbutt, sturdy frame 1
a: no special abilities


You were in the Dungeon.
You visited 1 branch You collected 21 gold pieces.

Inventory:

Hand Weapons
 a - a +0 war axe (weapon)
Armour
 b - a +0 scale mail (worn)
 c - a +0 buckler (worn)
Scrolls
 j - a scroll of blinking
 k - a scroll of immolation {unknown}
 l - a scroll of identify {unknown}
 m - a scroll of torment {unknown}
 n - a scroll of magic mapping {unknown}
Potions
 d - a potion of might
 e - a potion of curing
 f - 2 potions of heal wounds
 g - 3 potions of haste
 h - 3 potions of magic
 o - a potion of degeneration {unknown}
 p - 3 potions of mutation


   Skills:
 + Level 6.6 Fighting
 * Level 4.7 Axes
 + Level 7.4 Armour
 + Level 1.4 Dodging
 + Level 6.5 Shields


You had 3 spell levels left.
You didn't know any spells.
Your spell library was empty.

Dungeon Overview and Level Annotations

Branches:
Dungeon (1/1)

Altars:


Innate Abilities, Weirdness & Mutations

You have a pair of large horns on your head.
You reflexively headbutt those who attack you in melee.
Your movements are slightly less encumbered by armour. (ER -2)


Message History

The shadow strikes at you from the darkness!
Reactivating autopickup.
You hit the shadow.
The shadow is lightly damaged.
You block the shadow's attack. The shadow hits you.
You slash the shadow!
The shadow is moderately damaged.
The shadow barely misses you.
You hit the shadow but do no damage.
The shadow is moderately damaged.
The shadow hits you. x2
You barely miss the shadow.
The shadow is moderately damaged.
The shadow hits you.
You closely miss the shadow. Your headbutt misses the shadow.
The shadow is moderately damaged.
The shadow completely misses you.
You closely miss the shadow.
The shadow is moderately damaged.
The shadow hits you!
You closely miss the shadow.
The shadow is moderately damaged.
You block the shadow's attack.
The shadow slips into darkness.
The shadow flickers and vanishes!
Deactivating autopickup; reactivate with Ctrl-A.
You closely miss something.
The shadow strikes at you from the darkness!
* * * LOW HITPOINT WARNING * * *
Reactivating autopickup.
You slash the shadow!
You headbutt the shadow, but do no damage.
The shadow is severely damaged.
The shadow slips into darkness.
The shadow flickers and vanishes!
Deactivating autopickup; reactivate with Ctrl-A.
You hit something but do no damage. Your headbutt misses something.
The shadow strikes at you from the darkness!
Ouch! That really hurt!
You die...

▓▓▓ ##.# ####..#
#..#..#
#..#..###+#+###+##
##'#..#..........#
###...'.⌠.......@#
###...#...######{#
##....#.⌠.# .J#
#.....#...# ...#
......#+### #...#
#.....# #...+
##....# +...#
▓▓▓▓▓▓ ▓▓▓▓▓


You could see a jelly.

Vanquished Creatures
  A water elemental (D)
  Jessica (D)
  A human (D)
  A phantom (D)
  An endoplasm (D)
  2 rats (D)
7 creatures vanquished.

Notes
Turn   | Place    | Note
-------+----------+-------------------------------------------
     0 | D        | rocky1 the Minotaur Fighter began the quest for the Orb.
     0 | D        | Reached XP level 1. HP: 19/19 MP: 0/0
    15 | D        | Reached skill level 4 in Armour
    28 | D        | Noticed Jessica
    35 | D        | Killed Jessica
    36 | D        | Reached skill level 5 in Fighting
    36 | D        | Reached skill level 5 in Armour
    36 | D        | Reached skill level 5 in Shields
    36 | D        | Reached XP level 2. HP: 20/29 MP: 1/1
    76 | D        | Reached XP level 3. HP: 36/36 MP: 2/2
    94 | D        | Reached skill level 6 in Armour
   200 | D        | Gained mutation: You have a pair of large horns on your
                  | head. [potion of mutation]
   200 | D        | Gained mutation: You possess an exceptional clarity of
                  | mind. [potion of mutation]
   200 | D        | Lost mutation: You possess an exceptional clarity of mind.
                  | [potion of mutation]
   200 | D        | Gained mutation: Your movements are slightly less
                  | encumbered by armour. (ER -2) [potion of mutation]
   202 | D        | Noticed a water elemental
   206 | D        | Killed a water elemental
   207 | D        | Reached skill level 7 in Armour
   207 | D        | Reached skill level 1 in Dodging
   207 | D        | Reached XP level 4. HP: 45/45 MP: 3/3
   250 | D        | Noticed a shadow
   263 | D        | Demolished by a shadow

Illustrated notes

Levels and vault maps discovered:
D:        dungeon_sprint_mu [sprint_mu_entry_cave, sprint_mu_temple_rooms,
          sprint_mu_d1_horrors, sprint_mu_d2_genie, sprint_mu_d3_branching,
          sprint_mu_orc_legion, sprint_mu_elf_gauntlet, sprint_mu_hive_nellie,
          sprint_mu_lair_fedhas, sprint_mu_vaults_butterflies,
          sprint_mu_slime_circle, sprint_mu_swamp_cave, sprint_mu_shoals_archi,
          sprint_mu_blade_basic, sprint_mu_crypt_lich, sprint_mu_tomb_spiral,
          sprint_mu_vestibule_basic, sprint_mu_gehenna_hellfire,
          sprint_mu_dis_giant, sprint_mu_tartarus_statrot,
          sprint_mu_cocytus_islands, sprint_mu_zot1]

Skill      XL: |  1  2  3 |
---------------+----------+-----
Armour         | 5 7 |  7.4
Fighting       | 5 6 |  6.6
Axes           | 3 4 |  4.7
Shields        | 5 6 |  6.5
Dodging        | 1 |  1.4

Action                   |  1- 3 |  4- 6 || total
-------------------------+-------+-------++-------
Melee: War axe           |    23 |    11 ||    34
       Headbutt          |     3 |     1 ||     4
  Use: Potion            |     2 |       ||     2
Armor: Scale mail        |     5 |     2 ||     7
Dodge: Dodged            |    11 |     2 ||    13
Block: Buckler           |     2 |     2 ||     4

Table legend: (Time is in decaauts)
 A = Elapsed time spent in this place.
 B = Non-inter-level travel time spent in this place.
 C = Inter-level travel time spent in this place.
 D = Time resting spent in this place.
 E = Time spent auto-exploring this place.
 F = Levels seen in this place.
 G = Mean time per level.
                   A        B        C        D        E       F      G
               +--------+--------+--------+--------+--------+-----+--------+
         Total |    280 |    280 |      0 |    139 |     23 |   1 |  280.0 |
       Dungeon |    280 |    280 |      0 |    139 |     23 |   1 |  280.0 |
               +--------+--------+--------+--------+--------+-----+--------+

Top non-repeatable levels by time:
       D: 280 daAuts
